 Dungeon Crawl Stone Soup version 0.27-a0-887-gcab673c142 (webtiles) character file.

Game seed: 11851503329357608812

23 mhtbhm the Covered (level 2, -6/27 HPs)
             Began as a Minotaur Fighter on Apr 3, 2021.
             Mangled by a gnoll
             ... wielding a +0 spear
              (8 damage)
             ... on level 2 of the Dungeon.
             The game lasted 00:00:35 (1016 turns).

mhtbhm the Covered (Minotaur Fighter)               Turns: 1016, Time: 00:00:37

Health: -6/27      AC:  7    Str: 20    XL:     2   Next: 75%
Magic:  1/1        EV:  7    Int:  5    God:
Gold:   39         SH:  9    Dex:  9    Spells: 1/1 levels left

rFire    . . .     SeeInvis .   a - +0 war axe
rCold    . . .     Faith    .   c - +0 kite shield
rNeg     . . .     Spirit   .   b - +0 scale mail
rPois    .         Reflect  .   (helmet restricted)
rElec    .         Harm     .   (no cloak)
rCorr    .         Rampage  .   (no gloves)
Will     .....                  (no boots)
Stlth    ..........             (no amulet)
HPRegen  0.09/turn              (no ring)
MPRegen  0.07/turn              (no ring)

@: mighty
A: horns 2, retaliatory headbutt
a: no special abilities


You were on level 2 of the Dungeon.
You visited 1 branch of the dungeon, and saw 2 of its levels.

You collected 39 gold pieces.

Inventory:

Hand Weapons
 a - a +0 war axe (weapon)
Armour
 b - a +0 scale mail (worn)
 c - a +0 kite shield (worn)
Scrolls
 g - a scroll of holy word {unknown}
 h - a scroll of teleportation {unknown}
 j - a scroll of fear {unknown}
 k - a scroll of identify {unknown}
Potions
 e - 2 potions of heal wounds {unknown}
 f - a potion of cancellation {unknown}
 i - a potion of ambrosia {unknown}


   Skills:
 + Level 4.0 Fighting
 + Level 2.8 Axes
 + Level 4.1 Armour
 + Level 3.9 Shields


You had one spell level left.
You didn't know any spells.
Your spell library was empty.

Dungeon Overview and Level Annotations

Branches:
Dungeon (2/15)

Altars:


Innate Abilities, Weirdness & Mutations

You have a pair of horns on your head.
You reflexively headbutt those who attack you in melee.


Message History

You now have 39 gold pieces (gained 12).
k - a scroll labelled KEYDWU WYCIOL
Found a hand axe.
You see here a +0 hand axe.
Found a stone staircase leading down.
No target in view!
A worm comes into view.
A worm is nearby!
A worm is nearby!
A gnoll comes into view. It is wielding a +0 flail.
The gnoll shouts! 2 gnolls come into view.
The gnoll shouts!
A worm comes into view.
The gnoll moves out of view.
You block the worm's attack.
You completely miss the worm. The worm bites you but does no damage.
You barely miss the worm. The gnoll hits you but does no damage.
The worm bites you but does no damage.
You barely miss the gnoll. You hit the worm.
The gnoll hits you with a +0 flail. The worm bites you but does no damage.
You hit the worm. Your headbutt misses the worm.
The worm is moderately wounded.
You slash the gnoll! You barely miss the gnoll. You block the gnoll's attack.
The gnoll hits you from afar with a +0 spear.
The gnoll hits you with a +0 club. The gnoll barely misses you.
The gnoll hits you from afar with a +0 spear.
You block the gnoll's attack.
You feel very mighty all of a sudden. You block the worm's attack.
The gnoll hits you with a +0 flail!
* * * LOW HITPOINT WARNING * * *
You block the gnoll's attack. The gnoll hits you with a +0 club.
* * * LOW HITPOINT WARNING * * *
You barely miss the gnoll. You slash the gnoll!
You kill the gnoll!
You hit the worm. x2; You block the gnoll's attack. x2
The worm bites you but does no damage. The gnoll hits you with a +0 flail.
* * * LOW HITPOINT WARNING * * *
The gnoll hits you from afar with a +0 spear!
You die...

#...#..####.#.#######.#
#......####........##.#
#.##.............##.#
#..#.####........##.#
#.#.# ###.#######.# .
#...### #.# #.#
...###....####.# #.#
.....g.........# #.#
......g@.......# #.#
......)ww...... #.#
.......$....... #.#
............... #.#
............... #.#
###............ #.#
#............ #.#
#...........# #.# #..


You could see 2 worms and 2 gnolls.

Vanquished Creatures
  A gnoll (D:2)
  3 ball pythons (D:1)
  4 endoplasms
  A goblin (D:1)
  2 hobgoblins (D:1)
  2 jackals (D:1)
  2 quokkas
  2 bats (D:1)
  A frilled lizard (D:1)
  A kobold (D:1)
  4 rats (D:1)
23 creatures vanquished.

Notes
Turn   | Place    | Note
-------+----------+-------------------------------------------
     0 | D:1      | mhtbhm the Minotaur Fighter began the quest for the Orb.
     0 | D:1      | Reached XP level 1. HP: 19/19 MP: 0/0
   421 | D:1      | Reached XP level 2. HP: 22/27 MP: 1/1
  1016 | D:2      | Mangled by a gnoll

Illustrated notes

Levels and vault maps discovered:
D:1:      dpeg_arrival_round_c, layout_basic
D:2:      layout_basic

Skill      XL: |  1  2 |
---------------+-------+-----
Fighting       | 4 |  4.0
Armour         | 4 |  4.1
Axes           | |  2.8
Shields        | |  3.9

Action                   || total
-------------------------++-------
Melee: War axe           ||    49
       Headbutt          ||     5
  Use: Potion            ||     1
Armor: Scale mail        ||    33
Dodge: Dodged            ||    16
Block: Kite shield       ||    33

Table legend: (Time is in decaauts)
 A = Elapsed time spent in this place.
 B = Non-inter-level travel time spent in this place.
 C = Inter-level travel time spent in this place.
 D = Time resting spent in this place.
 E = Time spent auto-exploring this place.
 F = Levels seen in this place.
 G = Mean time per level.
                   A        B        C        D        E       F      G
               +--------+--------+--------+--------+--------+-----+--------+
         Total |   1044 |   1044 |      0 |      0 |    873 |   2 |  522.0 |
       Dungeon |   1044 |   1044 |      0 |      0 |    873 |   2 |  522.0 |
               +--------+--------+--------+--------+--------+-----+--------+

Top non-repeatable levels by time:
     D:1: 891 daAuts
     D:2: 153 daAuts
